 Dungeon Crawl Stone Soup version 0.21.1-1-g345015fe64 (webtiles) character file.

281 CaptDreibein the Covered (level 6, -4/47 HPs)
             Began as a Demonspawn Fighter on June 17, 2018.
             Slain by a slave (5 damage)
             ... led by Pikel
             ... on level 3 of the Dungeon.
             The game lasted 00:09:39 (4120 turns).

CaptDreibein the Covered (Demonspawn Fighter)       Turns: 4120, Time: 00:09:41

Health: -4/47      AC:  7    Str: 19    XL:     6   Next: 6%
Magic:  6/6        EV: 11    Int:  9    God:
Gold:   131        SH:  9    Dex: 12    Spells: 5/5 levels left

rFire    . . .     SeeInvis .   a - +0 war axe
rCold    . . .     Gourm    +   c - +0 shield
rNeg     . . .     Faith    .   b - +0 scale mail
rPois    .         Spirit   .   (helmet restricted)
rElec    .         Reflect  .   o - scarf {cloud immunity}
rCorr    .         Harm     .   (no gloves)
MR       .....                  (no boots)
Stlth    +.........             i - amulet of the gourmand
HPRegen  0.15/turn              p - +3 ring of evasion
MPRegen  0.10/turn              (no ring)

@: no status effects
A: antennae 1, nightstalker 1, sturdy frame 1
a: no special abilities


You were on level 3 of the Dungeon.
You were completely stuffed.

You visited 1 branch of the dungeon, and saw 4 of its levels.

You collected 131 gold pieces.

Inventory:

Hand Weapons
 a - a +0 war axe (weapon)
Missiles
 h - 8 javelins (quivered)
Armour
 b - a +0 scale mail (worn)
 c - a +0 shield (worn)
 o - a scarf of cloud immunity (worn)
Jewellery
 i - an amulet of the gourmand (around neck)
 l - an uncursed amulet of rage
 p - a +3 ring of evasion (left hand)
Wands
 r - a wand of polymorph (12)
Scrolls
 j - 2 scrolls of teleportation
 k - 2 scrolls of identify
 m - a scroll of enchant armour {unknown}
 n - a scroll of blinking {unknown}
 q - a scroll of remove curse {unknown}
Potions
 d - a potion of might
Comestibles
 f - 10 rations
 g - 3 chunks of flesh


   Skills:
 + Level 3.3 Fighting
 + Level 3.3 Axes
 + Level 0.3 Throwing
 + Level 4.0 Armour
 + Level 1.5 Dodging
 + Level 0.7 Stealth
 + Level 3.6 Shields


You had 5 spell levels left.
You didn't know any spells.

Dungeon Overview and Level Annotations

Branches:
Dungeon (4/15)
 Temple: D:4-7

Altars:


Innate Abilities, Weirdness & Mutations

You have a pair of small antennae on your head.
You are slightly more attuned to the shadows.
Your movements are slightly less encumbered by armour. (ER -2)


Message History

The slave closely misses you.
Your shield and scale mail prevent you from hitting the slave.
The slave is moderately wounded.
The slave hits you!
* * * LOW HITPOINT WARNING * * *
You closely miss the slave.
The slave is moderately wounded.
The slave barely misses you. The slave hits you but does no damage.
You slice the slave!!
The slave is almost dead.
The slave hits you.
* * * LOW HITPOINT WARNING * * *
You hit the slave.
The slave is almost dead.
You closely miss the phantom. The slave hits you.
* * * LOW HITPOINT WARNING * * *
The phantom hits you.
* * * LOW HITPOINT WARNING * * *
The slave hits you.
You die...

#.##.##########.##.##..#
##.##.......[>[..##.###.#
##..........####..##.#
#.# ....##..#...# #<.##.#
#.#
............####..##.#
#.#
.#####.........#..##.#
#.# .# #...............#
#[# .# #.........#p÷####
#.# .# #.........W@.# #.#
## ##.....####.## #.#
#######.....####.# #.###
.....##..........# #...#
####.###.#..###### ###.#
#.# #)#..# #.# #.# #.#..#
#.# #.# #.#..# #.#
#.###.#..# #.#


You could see a phantom and a slave.

Vanquished Creatures
  2 slaves (D:3)
  The ghost of kaisn the Skirmisher, an amateur FoBe of Trog (D:3)
  An iguana (D:3)
  A worker ant (D:4)
  5 adders
  3 gnolls (D:3)
  An ooze (D:3)
  A worm (D:2)
  2 dart slugs
  A leopard gecko (D:3)
  6 orcs
  7 bats
  A giant cockroach (D:2)
  2 goblins (D:2)
  7 hobgoblins
  6 jackals (D:1)
  2 quokkas
  4 frilled lizards
  5 kobolds
  7 rats
65 creatures vanquished.

Notes
Turn   | Place    | Note
-------+----------+-------------------------------------------
     0 | D:1      | CaptDreibein the Demonspawn Fighter began the quest for the Orb.
     0 | D:1      | Reached XP level 1. HP: 18/18 MP: 1/1
   182 | D:1      | Gained mutation: You are slightly more attuned to the shadows. [demonic ancestry]
   182 | D:1      | Reached XP level 2. HP: 16/24 MP: 2/2
   857 | D:2      | Reached skill level 3 in Armour
   958 | D:2      | Gained mutation: You have a pair of small antennae on your head. [demonic ancestry]
   958 | D:2      | Reached XP level 3. HP: 29/29 MP: 3/3
  1292 | D:2      | HP: 1/29 [adder (3)]
  2072 | D:3      | Reached XP level 4. HP: 35/35 MP: 4/4
  2157 | D:3      | Noticed kaisn's ghost (amateur FoBe)
  2180 | D:3      | Killed kaisn's ghost
  2180 | D:3      | Reached skill level 1 in Dodging
  2180 | D:3      | Gained mutation: Your movements are slightly less encumbered by armour. (ER -2) [demonic ancestry]
  2180 | D:3      | Reached XP level 5. HP: 21/41 MP: 5/5
  3359 | D:4      | Noticed a slave
  3359 | D:4      | Noticed a slave
  3360 | D:4      | Noticed Pikel
  3360 | D:4      | Noticed a slave
  3361 | D:4      | Noticed a slave
  3366 | D:4      | HP: 1/41 [slave[Pikel] (6)]
  3407 | D:4      | Noticed a phantom
  3690 | D:3      | Killed a slave
  3808 | D:3      | Killed a slave
  4027 | D:3      | Reached skill level 4 in Armour
  4027 | D:3      | Reached XP level 6. HP: 35/47 MP: 6/6
  4120 | D:3      | HP: 1/47 [phantom (5)]
  4120 | D:3      | Slain by a slave

Skill      XL: |  1  2  3  4  5 |
---------------+----------------+-----
Shields        | 3 |  3.6
Armour         | 3 4 |  4.0
Axes           | 2 3 |  3.3
Dodging        | 1 |  1.5
Fighting       | |  3.3
Throwing       | |  0.3
Stealth        | |  0.7

Action                   |  1- 3 |  4- 6 || total
-------------------------+-------+-------++-------
Melee: War axe           |   138 |   150 ||   288
Throw: Javelin           |     4 |       ||     4
  Use: Potion            |     1 |       ||     1
       Scroll            |       |     3 ||     3
  Eat: Chunk             |     8 |    13 ||    21
Armor: Scale mail        |    73 |    37 ||   110
Dodge: Dodged            |    49 |    63 ||   112
Block: Shield            |    65 |   103 ||   168
